 Dungeon Crawl Stone Soup version 0.21-a0-279-g6037ffb (webtiles) character file.

95 dricus the Changer (level 4, -4/32 HPs)
             Began as a Merfolk Transmuter on Sept 23, 2017.
             Slain by an iguana (8 damage)
             ... on level 3 of the Dungeon.
             The game lasted 00:04:01 (3081 turns).

dricus the Changer (Merfolk Transmuter)             Turns: 3081, Time: 00:04:02

Health: -4/32      AC:  2    Str: 11    XL:     4   Next: 66%
Magic:  6/7        EV: 13    Int: 12    God:
Gold:   78         SH:  0    Dex: 14    Spells: 1/7 levels left

rFire    . . .     SeeInvis .     - Unarmed
rCold    . . .     Gourm    .   (no shield)
rNeg     . . .     Faith    .   b - +0 robe
rPois    .         Spirit   .   (no helmet)
rElec    .         Reflect  .   (no cloak)
rCorr    .         Harm     .   (no gloves)
MR       .....                  (no boots)
Stlth    +.........             (no amulet)
HPRegen  0.10/turn              m - ring of wizardry
MPRegen  0.10/turn              (no ring)

@: appendage
A: change form in water, swift swim, stealthy swim, horns 2
a: End Transformation


You were on level 3 of the Dungeon.
You were very hungry.
You had grown temporary horns.
You visited 1 branch of the dungeon, and saw 3 of its levels.

You collected 78 gold pieces.

Inventory:

Hand Weapons
 a - a +0 hunting sling
Missiles
 p - 72 stones (quivered)
 q - 12 arrows
 r - 22 sling bullets
Armour
 b - a +0 robe (worn)
Jewellery
 m - a ring of wizardry (left hand)
Scrolls
 e - a scroll of identify {@r9}
 h - a scroll of enchant armour {unknown}
 j - a scroll of recharging {unknown}
 o - a scroll of blinking {unknown}
 s - a scroll of teleportation {unknown}
 t - a scroll of enchant weapon {unknown}
Potions
 k - a potion of resistance
Books
 c - a book of Changes

   Spells                             Type                      Level
   a - Beastly Appendage              Transmutation                1
   b - Sticks to Snakes               Transmutation                2
   c - Spider Form                    Transmutation/Poison         3
   d - Ice Form                       Ice/Transmutation            4
   e - Blade Hands                    Transmutation                5
Comestibles
 d - a bread ration
 f - 2 royal jellies
 g - 3 meat rations
 n - 2 fruits


   Skills:
 - Level 1.1 Fighting
 - Level 2.6 Dodging
 + Level 3.9 Unarmed Combat
 - Level 2.0 Spellcasting
 * Level 5.3 Transmutations
 + Level 1.2 Poison Magic


You had one spell level left.
You knew the following spells:

 Your Spells              Type           Power        Failure   Level  Hunger
a - Beastly Appendage     Tmut           ##....       1%          1    ##.....
b - Sticks to Snakes      Tmut           ##......     1%          2    ###....
c - Spider Form           Tmut/Pois      #.........   9%          3    ####...


Dungeon Overview and Level Annotations

Branches:
Dungeon (3/15)

Altars:
Elyvilon
The Shining One


Innate Abilities, Weirdness & Mutations

You revert to your normal form in water.
You are very nimble and swift while swimming.
You are very stealthy in the water. (Stealth+)
You have a pair of horns on your head.


Message History

The iguana is almost dead.
The iguana bites you!
* * * LOW HITPOINT WARNING * * *
You feel better. The iguana barely misses you.
You hit the iguana but do no damage.
The iguana is almost dead.
The iguana bites you!
* * * LOW HITPOINT WARNING * * *
You feel better. The iguana bites you.
Casting: Beastly Appendage
Confirm with . or Enter, or press ? or * to list all spells.
You grow a pair of large bovine horns.
You are feeling very hungry.
The iguana misses you. The iguana bites you!
* * * LOW HITPOINT WARNING * * *
You barely miss the iguana. You headbutt the iguana.
The iguana is almost dead.
The iguana bites you!
You die...

... #.# #.# #$# #
#.#####.##.#
#.....)[...# ##.##
#.######<#.########
#(.(..l@###<.......
#####.##.#.#######.
# #..........
#.###...... #.#
.##### #.# # #.#
#.# ..#


You could see an iguana.

Vanquished Creatures
  Jessica (D:3)
  An adder (D:2)
  2 dart slugs (D:1)
  2 leopard geckos
  6 giant cockroaches (D:1)
  6 goblins
  9 hobgoblins
  6 jackals
  8 kobolds
  2 bats
  2 frilled lizards
  3 rats
48 creatures vanquished.

Vanquished Creatures (others)
  A kobold (D:2)
1 creature vanquished.

Grand Total: 49 creatures vanquished

Notes
Turn   | Place    | Note
-------+----------+-------------------------------------------
     0 | D:1      | dricus the Merfolk Transmuter began the quest for the Orb.
     0 | D:1      | Reached XP level 1. HP: 15/15 MP: 3/3
    13 | D:1      | Reached skill level 3 in Transmutations
   249 | D:1      | Reached XP level 2. HP: 18/21 MP: 5/5
   578 | D:1      | Reached skill level 4 in Transmutations
   743 | D:1      | Reached XP level 3. HP: 15/26 MP: 6/6
  1230 | D:1      | Learned a level 2 spell: Sticks to Snakes
  1234 | D:1      | Learned a level 3 spell: Spider Form
  2374 | D:2      | Reached XP level 4. HP: 29/32 MP: 7/7
  2532 | D:2      | Found a faded altar of an unknown god.
  2552 | D:2      | Reached skill level 5 in Transmutations
  2816 | D:2      | Found a white marble altar of Elyvilon.
  2868 | D:2      | Found a glowing golden altar of the Shining One.
  3026 | D:3      | Noticed Jessica
  3036 | D:3      | Killed Jessica
  3036 | D:3      | Reached skill level 1 in Poison Magic
  3081 | D:3      | Slain by an iguana

Vault maps used:
D:1:      minmay_arrival_diagonal_passages, serial_forest,
          infiniplex_forest_clump_C, infiniplex_forest_zigzag_1,
          infiniplex_forest_straight_1, infiniplex_forest_end_3,
          infiniplex_forest_lined_3_way, infiniplex_forest_straight_2,
          infiniplex_forest_end_2, infiniplex_forest_straight_3,
          infiniplex_forest_clump_medium, infiniplex_forest_zigzag_2
D:2:      elyvilon_altar_4, chequers_ecumenical_altar_island, st_stairs_10,
          minmay_misc_feat_pillars, tso_altar
D:3:      first_bread, uniq_grinder, uniq_robin, uniq_ijyb, uniq_jessica

Skill      XL: |  1  2  3  4 |
---------------+-------------+-----
Transmutations | 3 4 5 |  5.3
Poison Magic   | 1 |  1.2
Fighting       | |  1.1
Dodging        | |  2.6
Unarmed Combat | |  3.9
Spellcasting   | |  2.0

Action                   |  1- 3 |  4- 6 || total
-------------------------+-------+-------++-------
Melee: Unarmed           |   129 |    34 ||   163
       Headbutt          |     6 |     3 ||     9
 Fire: Hunting sling     |    23 |     6 ||    29
 Cast: Beastly Appendage |     4 |     2 ||     6
       Spider Form       |     1 |       ||     1
  Use: Scroll            |       |     2 ||     2
       Potion            |       |     2 ||     2
 Stab: Sleeping          |     2 |       ||     2
  Eat: Chunk             |     5 |     1 ||     6
Armor: Robe              |    16 |    19 ||    35
Dodge: Dodged            |    74 |    35 ||   109

Table legend:
 A = Spawn XP
 B = Non-spawn XP
 C = Spawn XP percentage of total XP
 D = Spawn monster count
 E = Non-spawn monster count
 F = Spawn count percentage of total count
 G = Total turns spent on level
                    A         B        C        D         E        F      G
               +---------+---------+-------+---------+---------+-------+---------
         Total |       0 |     137 |   0.0 |       0 |      48 |   0.0 |  3081
               +---------+---------+-------+---------+---------+-------+---------
           D:1 |       0 |      58 |   0.0 |       0 |      29 |   0.0 |  1818
           D:2 |       0 |      40 |   0.0 |       0 |      16 |   0.0 |  1208
           D:3 |       0 |      39 |   0.0 |       0 |       3 |   0.0 |    55
               +---------+---------+-------+---------+---------+-------+---------
